 Dungeon Sprint DCSS version 0.29-a0-320-g9f8742066b (webtiles) character file.

Game seed: 14662083269877358006

5224 mhtbhm the Impaler (level 10, -3/101 HPs)
             Began as a Minotaur Fighter on Apr 2, 2022.
             Was a High Priest of Okawaru.
             Slain by a ten-headed hydra (9 damage)
             ... in the Dungeon (Sprint IX: "|||||||||||||||||||||||||||||").
             The game lasted 00:01:55 (1297 turns).

mhtbhm the Impaler (Minotaur Fighter)               Turns: 1297, Time: 00:01:55

Health: -3/101     AC: 26    Str: 24    XL:     10   Next: 35%
Magic:  14/16      EV: 15    Int:  5    God:    Okawaru [*****.]
Gold:   0          SH:  0    Dex: 11    Spells: 9/9 levels left

rFire   + . .      SeeInvis .   a - +2 halberd (protect)
rCold   . . .      Faith    .   (shield currently unavailable)
rNeg    . . .      Spirit   .   b - +1 chain mail {rF+}
rPois   .          Reflect  .   (helmet restricted)
rElec   .          Harm     .   m - +0 cloak
rCorr   .          Rampage  .   (no gloves)
Will    .....      NoTele   +   (no boots)
Stlth   ..........              (no amulet)
HPRegen 0.26/turn               n - +2 ring of evasion
MPRegen 0.15/turn               o - +2 ring of protection

@: heroic, under a protective aura
A: horns 2, retaliatory headbutt
a: Renounce Religion, Heroism, Finesse


You were in the Dungeon.
You worshipped Okawaru.
Okawaru was extremely pleased with you.
You visited 1 branch

Inventory:

Hand Weapons
 a - a +2 halberd of protection (weapon)
Armour
 b - a +1 chain mail of fire resistance (worn)
 c - a +0 buckler
 m - a +0 cloak (worn)
Jewellery
 n - a +2 ring of evasion (left hand)
 o - a +2 ring of protection (right hand)
Wands
 l - a wand of acid (9)
Scrolls
 j - 2 scrolls of blinking
 k - 2 scrolls of amnesia
 r - 2 scrolls of identify
 s - a scroll of fear
 t - a scroll of fog
 u - 4 scrolls of enchant weapon
Potions
 d - a potion of might
 e - 5 potions of curing
 f - a potion of invisibility
 g - 2 potions of haste
 h - 4 potions of magic
 i - 4 potions of heal wounds
 p - a potion of mutation
 q - a potion of brilliance


   Skills:
 + Level 13.1(18.1) Fighting
 + Level 16.4(21.4) Polearms
 + Level 12.7(17.7) Armour
 + Level 7.8(12.8) Dodging
 + Level 0.6(5.6) Stealth
 + Level 10.3(15.3) Shields
 * Level 10.1 Invocations


You had 9 spell levels left.
You didn't know any spells.
Your spell library was empty.

Dungeon Overview and Level Annotations

Branches:
Dungeon (1/1)

Altars:
Cheibriados
Dithmenos
Elyvilon
Fedhas
Gozag
Hepliaklqana
Kikubaaqudgha
Makhleb
Nemelex Xobeh
Okawaru
Qazlal
Ru
Sif Muna
Trog
Uskayaw
Vehumet
Wu Jian
Xom
Yredelemnul
Zin
The Shining One
Beogh
Jiyva
Lugonu


Innate Abilities, Weirdness & Mutations

You have a pair of horns on your head.
You reflexively headbutt those who attack you in melee.


Message History

The eight-headed hydra bites you but does no damage.
The eight-headed hydra closely misses you.
The eight-headed hydra bites you but does no damage.
The eight-headed hydra misses you.
You slice one of the eight-headed hydra's heads off!
The seven-headed hydra grows two more!
You hit the nine-headed hydra. You headbutt the nine-headed hydra.
The nine-headed hydra is lightly wounded.
The nine-headed hydra closely misses you.
You furiously retaliate!
You headbutt the nine-headed hydra.
The nine-headed hydra completely misses you.
The nine-headed hydra bites you but does no damage.
The nine-headed hydra closely misses you.
The nine-headed hydra bites you but does no damage.
The nine-headed hydra bites you.
The nine-headed hydra barely misses you.
The nine-headed hydra bites you but does no damage.
The nine-headed hydra bites you.
You gain the combat prowess of a mighty hero.
The nine-headed hydra misses you.
The nine-headed hydra bites you but does no damage. x2
The nine-headed hydra misses you. The nine-headed hydra bites you!
* * * LOW HITPOINT WARNING * * *
The nine-headed hydra bites you.
* * * LOW HITPOINT WARNING * * *
The nine-headed hydra misses you. The nine-headed hydra bites you!
* * * LOW HITPOINT WARNING * * *
The nine-headed hydra completely misses you.
You hack one of the nine-headed hydra's heads off!
The eight-headed hydra grows two more!
You slash the ten-headed hydra! You headbutt the ten-headed hydra!
The ten-headed hydra is heavily wounded.
The ten-headed hydra is no longer covered in acid.
The ten-headed hydra bites you but does no damage. x4
The ten-headed hydra bites you!
* * * LOW HITPOINT WARNING * * *
The ten-headed hydra bites you but does no damage. x2
The ten-headed hydra closely misses you.
The ten-headed hydra bites you!
You die...

▓_▓.▓.▓
▓_▓.▓.▓
▓_▓.▓.▓
▓_▓.▓Y▓
▓_▓.▓Y▓
▓_▓.▓l▓
▓_▓.▓l▓
▓_▓.▓D▓
▓_▓.▓@▓
▓_▓.▓.▓
▓_▓.▓.▓
▓_▓.▓.▓
▓_▓.▓.▓
▓_▓.▓.▓
▓_▓.▓.▓
▓_▓.▓'▓
▓_▓.▓.▓


You could see a ten-headed hydra, 2 elephants, a basilisk and a wyvern.

Vanquished Creatures
  2 centaur warriors (D)
  A torpor snail (D)
  A rime drake (D)
  An unseen horror (D)
  2 komodo dragons (D)
  2 trolls (D)
  A dream sheep (D)
  A blink frog (D)
  A shadow (D)
  3 yaks (D)
  2 wraiths (D)
  A basilisk (D)
  A vampire mosquito (D)
  An acid dragon (D)
  2 water moccasins (D)
  An orc warrior (D)
  An ice beast (D)
  A centaur (D)
  A bullfrog (D)
  A jelly (D)
  A hound (D)
  An iguana (D)
  An orc (D)
  An endoplasm (D)
  2 goblins (D)
  A frilled lizard (D)
  A rat (D)
35 creatures vanquished.

Notes
Turn   | Place    | Note
-------+----------+-------------------------------------------
     0 | D        | mhtbhm the Minotaur Fighter began the quest for the Orb.
     0 | D        | Reached XP level 1. HP: 19/19 MP: 0/0
    19 | D        | Noticed an iguana
    19 | D        | Noticed an ice beast
    19 | D        | Noticed a jelly
    19 | D        | Noticed a hound
    24 | D        | Killed a hound
    25 | D        | Reached skill level 5 in Fighting
    25 | D        | Reached skill level 3 in Polearms
    25 | D        | Reached skill level 5 in Armour
    25 | D        | Reached skill level 5 in Shields
    25 | D        | Reached XP level 2. HP: 23/29 MP: 1/1
    25 | D        | Reached XP level 3. HP: 29/36 MP: 2/2
    35 | D        | Killed an ice beast
    36 | D        | Reached skill level 5 in Polearms
    36 | D        | Reached XP level 4. HP: 41/47 MP: 3/3
    36 | D        | Reached XP level 5. HP: 46/52 MP: 4/4
    39 | D        | Reached skill level 1 in Dodging
    46 | D        | Found a snail-covered altar of Cheibriados.
    46 | D        | Found a shadowy altar of Dithmenos.
    46 | D        | Found a white marble altar of Elyvilon.
    46 | D        | Found a blossoming altar of Fedhas.
    46 | D        | Found an opulent altar of Gozag.
    47 | D        | Found a hazy altar of Hepliaklqana.
    48 | D        | Found a viscous altar of Jiyva.
    49 | D        | Found an ancient bone altar of Kikubaaqudgha.
    50 | D        | Found a corrupted altar of Lugonu.
    66 | D        | Found a burning altar of Makhleb.
    67 | D        | Found a sparkling altar of Nemelex Xobeh.
    68 | D        | Found an iron altar of Okawaru.
    69 | D        | Found a stormy altar of Qazlal.
    70 | D        | Found a sacrificial altar of Ru.
    71 | D        | Found a shimmering blue altar of Sif Muna.
    72 | D        | Found a bloodstained altar of Trog.
    73 | D        | Found a hide-covered altar of Uskayaw.
   158 | D        | Found a radiant altar of Vehumet.
   159 | D        | Found an ornate altar of the Wu Jian Council.
   160 | D        | Became a worshipper of Warmaster Okawaru
   161 | D        | Found a shimmering altar of Xom.
   162 | D        | Found a basalt altar of Yredelemnul.
   163 | D        | Found a glowing silver altar of Zin.
   164 | D        | Found a glowing golden altar of the Shining One.
   218 | D        | Noticed a troll
   218 | D        | Noticed an acid dragon
   218 | D        | Noticed an orc warrior
   218 | D        | Noticed a centaur
   218 | D        | Noticed a wraith
   218 | D        | Noticed a shadow
   223 | D        | Killed a shadow
   224 | D        | Reached skill level 7 in Polearms
   224 | D        | Reached XP level 6. HP: 61/62 MP: 4/7
   229 | D        | Killed a wraith
   229 | D        | Reached * piety under Okawaru
   230 | D        | Reached skill level 8 in Polearms
   233 | D        | Reached XP level 7. HP: 64/70 MP: 5/9
   236 | D        | Reached skill level 9 in Polearms
   241 | D        | Reached skill level 10 in Armour
   241 | D        | Reached skill level 5 in Invocations
   248 | D        | Killed a troll
   248 | D        | Reached ** piety under Okawaru
   249 | D        | Reached skill level 10 in Fighting
   249 | D        | Reached skill level 10 in Polearms
   516 | D        | Noticed a vampire mosquito
   516 | D        | Noticed a troll
   516 | D        | Noticed a centaur warrior
   516 | D        | Noticed a centaur warrior
   516 | D        | Noticed a wraith
   519 | D        | Killed a wraith
   520 | D        | Reached XP level 8. HP: 80/80 MP: 11/11
   522 | D        | Killed a centaur warrior
   522 | D        | Reached *** piety under Okawaru
   523 | D        | Reached skill level 12 in Polearms
   523 | D        | Reached skill level 5 in Dodging
   523 | D        | Reached skill level 10 in Shields
   533 | D        | Killed a centaur warrior
   533 | D        | Reached **** piety under Okawaru
   534 | D        | Reached skill level 13 in Polearms
   534 | D        | Reached XP level 9. HP: 77/89 MP: 12/14
   536 | D        | Killed a troll
   544 | D        | Killed an unseen horror
   545 | D        | Reached skill level 14 in Polearms
   678 | D        | Noticed a komodo dragon
   678 | D        | Noticed a komodo dragon
   681 | D        | Noticed a torpor snail
   688 | D        | Killed a komodo dragon
   695 | D        | Reached skill level 15 in Polearms
   700 | D        | Killed a komodo dragon
   706 | D        | Killed a torpor snail
   706 | D        | Reached ***** piety under Okawaru
   707 | D        | Reached XP level 10. HP: 17/100 MP: 14/16
  1050 | D        | Noticed a seven-headed hydra
  1056 | D        | Reached skill level 16 in Polearms
  1266 | D        | Noticed an elephant
  1273 | D        | Noticed an elephant
  1289 | D        | Reached skill level 10 in Invocations
  1297 | D        | Slain by a ten-headed hydra

Illustrated notes

Levels and vault maps discovered:
D:        linesprint [early_d, line_temple, items_1, d_10, items_2, lair_1,
          lair_end, items_3, orc_1, orc_end, items_4, d_15, swamp_1, shoals_1,
          snake_1, spider_1, d_20, vaults_1, items_5, swamp_end, shoals_end,
          snake_end, spider_end, vaults_end, d_27, items_6, zot_1, zot_end,
          crypt_end, forest_end, elf_end, slime_end, tomb_end, abyss_end,
          pan_hell_end]

Skill      XL: |  1  2  3  4  5  6  7  8  9 10 |
---------------+-------------------------------+-----
Fighting       | 5 7 8 9 10 11 12 13 | 13.1
Armour         | 5 7 9 10 11 12 | 12.7
Shields        | 5 7 8 9 10 | 10.3
Polearms       | 3 5 7 8 10 13 15 16 | 16.4
Dodging        | 1 2 3 5 7 |  7.8
Invocations    | 3 4 6 8 9 10 | 10.1
Stealth        | |  0.6

Action                   |  1- 3 |  4- 6 |  7- 9 | 10-12 || total
-------------------------+-------+-------+-------+-------++-------
Melee: Trident           |    23 |     4 |       |       ||    27
       Headbutt          |     4 |     2 |    14 |    13 ||    33
       Halberd           |       |    13 |    70 |    37 ||   120
Invok: Heroism           |       |       |       |     1 ||     1
Evoke: Wand              |       |       |       |     1 ||     1
  Use: Potion            |     2 |       |     2 |       ||     4
Armor: Scale mail        |     5 |       |       |       ||     5
       Ring mail         |       |    13 |    35 |       ||    48
       Chain mail        |       |       |     6 |    35 ||    41
Dodge: Dodged            |    10 |    12 |    45 |    28 ||    95
Block: Buckler           |     1 |       |       |       ||     1

Table legend: (Time is in decaauts)
 A = Elapsed time spent in this place.
 B = Non-inter-level travel time spent in this place.
 C = Inter-level travel time spent in this place.
 D = Time resting spent in this place.
 E = Time spent auto-exploring this place.
 F = Levels seen in this place.
 G = Mean time per level.
                   A        B        C        D        E       F      G
               +--------+--------+--------+--------+--------+-----+--------+
         Total |   1300 |   1300 |      0 |    881 |      3 |   1 | 1300.0 |
       Dungeon |   1300 |   1300 |      0 |    881 |      3 |   1 | 1300.0 |
               +--------+--------+--------+--------+--------+-----+--------+

Top non-repeatable levels by time:
       D: 1300 daAuts
